Map: 2000 Atmospheres LE

Players

Perseverance

  • Race: Terran Terran
  • League: Grandmaster
  • Spawn Location: 3:00

Warthog - Winner!

  • Race: Terran Terran
  • League: Master
  • Spawn Location: 7:00

VOD

Have the link to the VOD?

Description

Time

  • Played on: Dec. 15, 2021, 6:26 p.m.
  • Length: 10:59
Show
View Real Time Build Order
Export as new Build Order

Perseverance Terran 

Build Orders: Reaper Expand, Mech 

Get SALT Encoding   

  12  0:00  SCV  
  13  0:12  SCV  
  14  0:17  Supply Depot  
  14  0:24  SCV  
  15  0:38  SCV  
  15  0:39  Barracks  
  16  0:44  Refinery  
  16  0:50  SCV  
  17  1:02  SCV  
  18  1:14  SCV  
  19  1:27  Orbital Command  
  19  1:28  Reaper  
  20  1:44  Command Center  
  20  1:57  SCV  
  20  2:01  Reaper  
  22  2:04  Supply Depot  
  21  2:09  SCV  
  22  2:21  SCV  
  23  2:39  Marine  
  23  2:40  SCV, Command Center  
  25  2:46  Factory  
  25  2:52  SCV, Refinery  
  26  3:02  Barracks Reactor  
  26  3:04  SCV x2  
  28  3:16  SCV  
  28  3:18  Orbital Command  
  28  3:28  SCV  
  29  3:37  Factory Tech Lab  
  29  3:38  Marine x2  
  29  3:40  SCV  
  32  3:42  Refinery  
  32  3:45  SCV  
  33  3:52  SCV  
  33  3:54  Orbital Command  
  34  3:56  Starport  
  34  3:57  Cyclone  
  34  3:58  SCV, Marine  
  34  3:59  Marine  
  40  4:04  SCV  
  41  4:10  SCV  
  41  4:16  Marine  
  43  4:17  SCV, Marine  
  43  4:22  SCV x2  
  47  4:28  Supply Depot  
  47  4:29  SCV  
  48  4:31  Siege Tank  
  48  4:34  Marine  
  48  4:35  Starport Tech Lab  
  48  4:36  SCV x2  
  54  4:41  Refinery  
  54  4:42  SCV  
  54  4:45  Marine  
  55  4:48  SCV x2  
  55  4:52  Marine  
  57  4:54  SCV  
  57  4:59  Raven  
  57  5:00  SCV x2  
  57  5:04  Siege Tank, Marine  
  57  5:06  SCV  
  64  5:12  SCV x2  
  64  5:13  Factory  
  66  5:14  Marine  
  66  5:18  SCV  
  68  5:21  Marine  
  68  5:27  Supply Depot  
  69  5:29  Supply Depot  
  69  5:30  Supply Depot  
  69  5:33  Factory  
  69  5:44  Refinery x2  
  69  5:46  Supply Depot  
  69  5:49  SCV x3, Siege Tank, Marine x2  
  77  5:51  Raven  
  79  6:01  SCV x3, Factory Tech Lab  
  82  6:06  Marine  
  82  6:08  Marine  
  84  6:13  SCV x3  
  86  6:24  Factory Tech Lab  
  88  6:25  SCV x3  
  89  6:33  Supply Depot x2  
  89  6:34  Supply Depot  
  89  6:37  Engineering Bay, SCV x3  
  90  6:41  Command Center  
  90  6:42  Factory  
  90  6:43  Siege Tank x2  
  90  6:44  Siege Tank  
  90  6:45  Viking  
  101  6:55  Supply Depot x2, Viking, SCV x3  
  101  6:56  Supply Depot  
  106  7:07  SCV x3  
  92  7:18  Siege Tank x3  
  92  7:19  Viking, SCV  
  92  7:20  SCV  
  92  7:22  SCV  
  106  7:25  Viking  
  106  7:26  Armory  
  106  7:27  Armory  
  108  7:32  SCV x2  
  108  7:34  SCV, Infernal Pre-Igniter  
  111  7:41  Sensor Tower  
  111  7:44  SCV x2  
  112  7:45  Missile Turret  
  112  7:46  SCV  
  114  7:51  Missile Turret  
  114  7:52  Refinery  
  114  7:57  Refinery  
  114  7:58  Siege Tank x2  
  114  7:59  Siege Tank  
  114  8:03  Orbital Command  
  114  8:04  SCV x2  
  124  8:08  Viking  
  124  8:10  Viking  
  124  8:11  SCV  
  129  8:14  Missile Turret  
  129  8:16  SCV  
  129  8:18  Missile Turret  
  129  8:20  SCV  
  129  8:23  SCV  
  131  8:28  SCV, Factory  
  131  8:30  Factory  
  131  8:31  Sensor Tower  
  132  8:41  Command Center, Hellion  
  132  8:42  Hellion, Siege Tank, Viking x2  
  142  9:03  SCV x4  
  142  9:06  Factory, Starport  
  146  9:13  Starport  
  146  9:15  Factory Reactor  
  146  9:16  Viking, Factory Tech Lab  
  146  9:17  Viking  
  150  9:24  Command Center  
  150  9:26  Command Center  
  150  9:30  Siege Tank x2  
  150  9:31  Hellion, Drilling Claws  
  158  9:35  Missile Turret  
  158  9:36  Missile Turret  
  158  9:41  Siege Tank  
  158  9:44  Starport Reactor  
  161  9:50  Starport Tech Lab  
  161  9:52  Fusion Core  
  161  9:55  Factory Tech Lab  
  161  9:57  Missile Turret  
  161  9:58  Missile Turret  
  125  10:19  Siege Tank x2  
  125  10:20  Viking x2, Hellion  
  137  10:27  Siege Tank x2  
  103  10:39  Missile Turret  
  103  10:42  Missile Turret  
  99  10:46  SCV x2  
Show
View Real Time Build Order
Export as new Build Order

Warthog Terran - Winner!

Build Orders: Reaper Expand 

Get SALT Encoding   

  12  0:00  SCV  
  13  0:12  SCV  
  14  0:17  Supply Depot  
  14  0:24  SCV  
  15  0:39  SCV  
  15  0:41  Barracks  
  16  0:44  Refinery  
  16  0:51  SCV  
  17  1:03  SCV  
  18  1:15  SCV  
  19  1:27  Orbital Command  
  19  1:28  Reaper  
  20  1:45  Command Center  
  20  1:57  SCV  
  21  2:06  Marine  
  22  2:10  Supply Depot, SCV  
  22  2:13  Factory  
  23  2:20  Refinery  
  23  2:31  SCV, Marine  
  23  2:36  Bunker  
  25  2:43  SCV  
  26  2:51  Marine  
  26  2:56  SCV  
  26  2:57  Factory Tech Lab  
  26  3:08  SCV  
  27  3:15  Cyclone  
  27  3:16  Starport  
  30  3:20  SCV  
  30  3:26  Barracks Reactor  
  32  3:27  Orbital Command  
  32  3:33  SCV  
  32  3:36  Orbital Command  
  32  3:46  SCV  
  33  3:53  Factory Tech Lab  
  33  3:58  SCV  
  33  3:59  Raven  
  33  4:00  Command Center  
  36  4:03  SCV  
  36  4:05  Marine  
  36  4:06  Marine  
  39  4:10  SCV  
  39  4:14  Supply Depot  
  39  4:16  SCV  
  41  4:19  Siege Tank  
  41  4:22  SCV  
  45  4:29  SCV  
  46  4:34  Supply Depot  
  46  4:36  SCV, Marine x2  
  49  4:42  SCV  
  50  4:48  SCV  
  50  4:50  Refinery x2  
  51  5:01  SCV x2  
  51  5:04  Raven  
  55  5:12  Orbital Command  
  55  5:13  SCV, Marine x2  
  58  5:18  Barracks  
  58  5:19  Barracks, Siege Tank  
  61  5:21  SCV  
  61  5:25  SCV  
  63  5:33  SCV  
  64  5:37  SCV  
  64  5:39  Orbital Command  
  67  5:51  Siege Tank  
  68  5:59  SCV  
  68  6:00  SCV  
  70  6:05  Engineering Bay x2  
  70  6:06  SCV  
  70  6:07  Barracks  
  70  6:08  Barracks  
  71  6:11  SCV  
  71  6:12  SCV  
  71  6:13  Viking x2  
  71  6:14  Barracks Reactor x2  
  73  6:18  SCV  
  73  6:23  Siege Tank  
  77  6:27  SCV  
  77  6:37  Refinery  
  77  6:38  Refinery  
  77  6:40  Supply Depot x2, Terran Infantry Weapons Level 1  
  77  6:43  Terran Infantry Armor Level 1  
  77  6:45  Viking, SCV x2  
  81  6:53  SCV  
  82  6:55  Stimpack, Siege Tank  
  85  7:01  SCV x2  
  85  7:05  SCV  
  84  7:13  Viking  
  86  7:20  SCV  
  86  7:21  SCV x2  
  89  7:24  Supply Depot  
  89  7:25  Supply Depot  
  89  7:27  Armory, Siege Tank  
  92  7:33  SCV x3  
  95  7:37  Barracks Reactor x2  
  95  7:43  Command Center  
  95  7:45  SCV  
  95  7:48  Viking  
  95  7:49  Viking, SCV x2  
  102  7:53  Marine x3  
  105  7:58  Supply Depot  
  105  7:59  Supply Depot, Siege Tank  
  106  8:16  Marine x5  
  106  8:17  Marine x4  
  106  8:18  Medivac  
  116  8:20  Medivac  
  116  8:23  Terran Vehicle Weapons Level 1  
  116  8:26  Supply Depot x2  
  118  8:34  Marine x7  
  118  8:35  Combat Shield, Siege Tank  
  118  8:40  SCV x3  
  131  8:56  Missile Turret  
  131  9:00  Marine x9  
  131  9:01  Missile Turret  
  131  9:02  Missile Turret, Medivac x2  
  142  9:04  Missile Turret  
  142  9:05  Sensor Tower  
  142  9:07  Siege Tank  
  147  9:14  Supply Depot  
  147  9:17  Supply Depot  
  147  9:18  Marine x7  
  147  9:23  Factory  
  154  9:25  Marine x2  
  156  9:35  Marine  
  156  9:36  Marine x3  
  159  9:39  Siege Tank  
  159  9:40  Marine x3  
  159  9:43  Barracks, Marauder  
  159  9:44  SCV x2  
  159  9:45  Barracks  
  169  9:46  Barracks  
  169  9:47  Orbital Command  
  169  9:49  Marine  
  167  9:55  Liberator  
  167  9:57  Marine x2  
  169  10:11  Siege Tank  
  169  10:12  Marine  
  169  10:13  Marauder  
  156  10:25  Marine x3  
  156  10:26  Medivac  
  156  10:27  Marine x2  
  163  10:34  Marauder  
Tags
 
Add a new tag
Caveats
  • Supply blocks, unpowered buildings, or Contaminate may cause inaccurate times.
  • Supply counts are checked every 10 seconds.